 Dungeon Crawl Stone Soup version 0.30.0-29-ga12c61a403 (webtiles) character file.

Game seed: 15411561601845929595

439 qw the Chopper (level 7, -3/43 HPs)
             Began as a Gargoyle Fighter on June 4, 2023.
             Slain by a gnoll sergeant
             ... wielding a +0 spear
              (5 damage)
             ... on level 5 of the Dungeon.
             The game lasted 00:01:55 (4345 turns).

qw the Chopper (Gargoyle Fighter)                   Turns: 4345, Time: 00:01:55

Health: -3/43      AC: 12    Str: 22    XL:     7   Next: 1%
Magic:  7/7        EV:  9    Int:  8    God:
Gold:   289        SH:  4    Dex:  9    Spells: 6/6 levels left

rFire   . . .        Y - +1 war axe
rCold   . . .        c - +0 buckler
rNeg    + . .        b - +0 scale mail
rPois   inf          j - +0 helmet
rElec   +            (no cloak)
rCorr   .            (no gloves)
SInv    .            (no boots)
Will    .....        (no amulet) Stlth
                     (no ring)
HPRegen 0.27/turn    (no ring)
MPRegen 0.10/turn

%: no passive effects
@: no status effects
A: sickness immunity, AC +4, negative energy resistance 1, electricity
resistance, torment resistance 1, petrification resistance
a: no special abilities


You were on level 5 of the Dungeon.
You visited 1 branch of the dungeon, and saw 5 of its levels.

You collected 289 gold pieces.


Innate Abilities, Weirdness & Mutations

You are immune to sickness and miasma.
Your stone body is resilient. (AC +4)
You are immune to poison.
You resist negative energy. (rN+)
You are resistant to electric shocks. (rElec)
You are resistant to unholy torment.
You are immune to petrification.


   Skills:
 - Level 4.0 Fighting
 + Level 6.1 Axes
 - Level 3.2 Armour
 - Level 1.2 Dodging
 - Level 3.2 Shields


You had 6 spell levels left.
You didn't know any spells.
Your spell library was empty.

Inventory:

Hand Weapons
 r - a +0 flail
 Y - a +1 war axe (weapon)
Missiles
 q - 2 boomerangs (quivered)
Armour
 b - a +0 scale mail (worn)
 c - a +0 buckler (worn)
 j - a +0 helmet (worn)
Scrolls
 k - a scroll of identify
Potions
 d - 4 potions of might
 e - 3 potions of curing
 g - a potion of lignification
 h - a potion of degeneration {unknown}
 i - a potion of cancellation
 l - a potion of brilliance {unknown}
 m - a potion of magic
 n - a potion of flight {unknown}
 o - 3 potions of attraction {unknown}

Dungeon Overview and Level Annotations

Branches:
Dungeon (5/15)
 Temple: D:4-7

Altars:
Kikubaaqudgha


Message History

You hit the gnoll but do no damage.
The gnoll sergeant hits you from afar with a +0 spear.
You block the gnoll's attack. The gnoll hits you but does no damage.
You block the gnoll's attack.
The gnoll sergeant hits you from afar with a +0 spear.
The gnoll barely misses you. x2; The gnoll hits you with a +0 flail!
The gnoll closely misses you.
You slash the gnoll!
You kill the gnoll!
You slash the gnoll!
The gnoll hits you from afar with a +0 spear.
The gnoll sergeant hits you but does no damage.
The gnoll hits you with a +0 flail.
The gnoll hits you from afar with a +0 spear.
You slash the gnoll!
You kill the gnoll!
The gnoll sergeant hits you from afar with a +0 spear.
The gnoll hits you from afar with a +0 spear. x2
You have reached level 7!
The gnoll sergeant hits you with a +0 spear.
The gnoll hits you but does no damage. The gnoll misses you.
Enter note:
Enter note:
Enter note:
Enter note:
Enter note:
Enter note:
Enter note:
Enter note:
Enter note: You hit the gnoll sergeant.
The gnoll sergeant is lightly wounded.
You slash the gnoll! The gnoll barely misses you.
The gnoll hits you but does no damage.
The gnoll sergeant hits you with a +0 spear.
You slash the gnoll!
You kill the gnoll!
You hit the gnoll sergeant but do no damage.
The gnoll sergeant hits you with a +0 spear.
You die...

............?...##...
#.............####%#.
#.......##..#.###....
###......##..#..##..##.
##.........#..#.##..##..
........................
..................>.....
........)...<...........
......)@......#.........
......g))<..#...........
......g.................
........................
##........#....###......
#.....##..#....##.......
...### #..##....##.####.
... #.## ...# #..###.
.......


You could see a gnoll sergeant and a gnoll.

Vanquished Creatures
  A scorpion (D:4)
  A hound (D:5)
  Jessica (D:2)
  3 iguanas
  Robin (D:2)
  4 gnolls (D:5)
  11 adders
  A white imp (D:5)
  An ufetubus (D:5)
  2 dart slugs
  13 orcs
  6 ball pythons
  6 endoplasms
  2 giant cockroaches
  12 goblins
  9 hobgoblins
  A quokka (D:1)
  3 bats
  4 frilled lizards
  6 kobolds
  5 rats
93 creatures vanquished.

Vanquished Creatures (others)
  A hobgoblin (D:2)
  A kobold (D:4)
2 creatures vanquished.

Grand Total: 95 creatures vanquished

Notes
Turn   | Place    | Note
-------+----------+-------------------------------------------
     0 | D:1      | qw the Gargoyle Fighter began the quest for the Orb.
     0 | D:1      | Reached XP level 1. HP: 14/14 MP: 1/1
     0 | D:1      | 0 ||| qw: Version: 0.2-a-107-g4668610
     0 | D:1      | 0 ||| qw: Game counter: 1201
     0 | D:1      | 0 ||| qw: Always use a shield: true
     0 | D:1      | 0 ||| qw: God list: Okawaru
     0 | D:1      | 0 ||| qw: Allow faded altars: false
     0 | D:1      | 0 ||| qw: Do Orc after D:15 true
     0 | D:1      | 0 ||| qw: Do second Lair branch before Depths: true
     0 | D:1      | 0 ||| qw: Lair rune preference: random
     0 | D:1      | 0 ||| qw: Plans: Normal, Zot:1-4, Slime:5, God:TSO, Crypt,
                  | Tomb, Abyss, Pan, Hells, Win
     0 | D:1      | 0 ||| PLANNING D:1-11
    85 | D:1      | Reached skill level 2 in Axes
   181 | D:1      | Reached XP level 2. HP: 19/19 MP: 2/2
   797 | D:1      | 797 ||| READING 2 scrolls labelled TOENTU PANG.
   798 | D:1      | 798 ||| READING scroll labelled TOQIKU ACKO.
   799 | D:1      | 799 ||| DRINKING 2 fuming orange potions.
   800 | D:1      | 800 ||| DROPPING scroll of vulnerability.
  1008 | D:2      | 1008 ||| Stepping ~*~*~tactically~*~*~ (stealth).
  1106 | D:2      | Reached skill level 3 in Axes
  1238 | D:2      | 1238 ||| Stepping ~*~*~tactically~*~*~ (stealth).
  1245 | D:2      | Reached XP level 3. HP: 23/23 MP: 3/3
  1262 | D:2      | Noticed Robin
  1263 | D:2      | 1263 ||| Stepping ~*~*~tactically~*~*~ (stealth).
  1265 | D:2      | 1265 ||| Stepping ~*~*~tactically~*~*~ (hiding).
  1271 | D:2      | Killed Robin
  1279 | D:2      | Reached XP level 4. HP: 23/28 MP: 4/4
  1347 | D:2      | 1347 ||| Stepping ~*~*~tactically~*~*~ (stealth).
  1348 | D:2      | 1348 ||| Stepping ~*~*~tactically~*~*~ (stealth).
  1349 | D:2      | 1349 ||| Stepping ~*~*~tactically~*~*~ (stealth).
  1355 | D:2      | 1355 ||| Stepping ~*~*~tactically~*~*~ (stealth).
  1356 | D:2      | 1356 ||| Stepping ~*~*~tactically~*~*~ (stealth).
  1486 | D:2      | Reached skill level 4 in Axes
  1564 | D:2      | Noticed Jessica
  1573 | D:2      | 1573 ||| Stepping ~*~*~tactically~*~*~ (hiding).
  1577 | D:2      | Killed Jessica
  1578 | D:2      | Reached XP level 5. HP: 16/32 MP: 5/5
  2013 | D:2      | 2013 ||| UPGRADING to +0 helmet.
  2018 | D:2      | 2018 ||| READING scroll labelled ULEUCL RUTOLI.
  2022 | D:2      | 2022 ||| READING scroll labelled MYRECAL WAIP.
  2023 | D:2      | 2023 ||| DRINKING 2 viscous puce potions.
  2128 | D:2      | 2128 ||| DROPPING potion of berserk rage.
  2334 | D:3      | Found a faded altar of an unknown god.
  2975 | D:3      | 2975 ||| READING scroll labelled AREROCLEUCI.
  2976 | D:3      | 2976 ||| READING 2 scrolls labelled ELISHIPLED.
  2977 | D:3      | 2977 ||| READING scroll labelled TUXTIA YBUCKE.
  2978 | D:3      | 2978 ||| READING scroll labelled URHEWO TELLOSI.
  2979 | D:3      | 2979 ||| DRINKING 2 green potions.
  2980 | D:3      | 2980 ||| DRINKING 2 glowing purple potions.
  3100 | D:4      | Reached skill level 5 in Axes
  3193 | D:4      | 3193 ||| Stepping ~*~*~tactically~*~*~ (stealth).
  3203 | D:4      | 3203 ||| Stepping ~*~*~tactically~*~*~ (stealth).
  3204 | D:4      | 3204 ||| Stepping ~*~*~tactically~*~*~ (stealth).
  3268 | D:4      | Found an ancient bone altar of Kikubaaqudgha.
  3285 | D:4      | Identified the +4 short sword of Symmetry {spect, Drain
                  | rElec rF+}
  3305 | D:4      | 3305 ||| Stepping ~*~*~tactically~*~*~ (stealth).
  3488 | D:4      | HP: 3/33 [orc/+0 trident (6)]
  3617 | D:4      | 3617 ||| DROPPING +0 club.
  3618 | D:4      | 3618 ||| DROPPING +0 mace.
  3771 | D:4      | Reached skill level 1 in Dodging
  3771 | D:4      | Reached XP level 6. HP: 11/38 MP: 6/6
  4013 | D:4      | 4013 ||| READING 2 scrolls labelled CUCSOFO MAOS.
  4014 | D:4      | 4014 ||| READING scroll labelled LUTAULEBET.
  4042 | D:4      | 4042 ||| READING scroll labelled URCHUM ACZYCW.
  4043 | D:4      | 4043 ||| READING 2 scrolls of identify.
  4043 | D:4      | 4043 ||| IDENTIFYING white potion
  4044 | D:4      | 4044 ||| DROPPING scroll of noise.
  4052 | D:5      | Entered Level 5 of the Dungeon
  4058 | D:5      | 4058 ||| STAIRDANCE
  4172 | D:5      | 4172 ||| Stepping ~*~*~tactically~*~*~ (hiding).
  4175 | D:5      | 4175 ||| Stepping ~*~*~tactically~*~*~ (hiding).
  4339 | D:5      | Reached skill level 6 in Axes
  4342 | D:5      | HP: 9/38 [gnoll sergeant/+0 spear (1)]
  4342 | D:5      | HP: 4/38 [gnoll/+0 spear[a gnoll sergeant] (4)]
  4343 | D:5      | Reached XP level 7. HP: 5/43 MP: 7/7
  4345 | D:5      | Slain by a gnoll sergeant

Levels and vault maps discovered:
D:1:      minmay_arrival_loop, layout_basic
D:2:      minmay_chambers_of_ones, layout_loops_ring,
          chequers_serial_rivers_small_a, uniq_robin, uniq_jessica
D:3:      layout_basic, basic_ecumenical_altar
D:4:      layout_basic, kiku_gazebo_pond_becter
D:5:      layout_cave_pools

Skill      XL: |  1  2  3  4  5  6 |
---------------+-------------------+-----
Axes           | 2 3 4 5 6 |  6.1
Fighting       | 4 |  4.0
Dodging        | 1 |  1.2
Armour         | |  3.2
Shields        | |  3.2

Action                     |  1- 3 |  4- 6 |  7- 9 || total
---------------------------+-------+-------+-------++-------
  Melee: War axe           |    71 |   248 |     2 ||   321
  Throw: Boomerang         |    20 |    33 |       ||    53
    Use: Scroll            |     2 |    10 |       ||    12
         Potion            |     1 |     3 |       ||     4
 Armour: Scale mail        |    37 |   144 |     2 ||   183
  Dodge: Dodged            |    32 |   123 |     2 ||   157
  Block: Buckler           |    15 |    53 |       ||    68

Table legend:
 A = Non-vault XP
 B = Vault XP
 C = Vault XP percentage of total XP
 D = Non-vault monster count
 E = Vault monster count
 F = Vault count percentage of total count
                 A         B        C        D         E       F
            +---------+---------+-------+---------+---------+-------
      Total |     560 |      83 |  12.9 |      76 |      18 |  19.1
            +---------+---------+-------+---------+---------+-------
        D:1 |      19 |       0 |   0.0 |      12 |       0 |   0.0
        D:2 |      70 |      83 |  54.2 |      16 |      18 |  52.9
        D:3 |      45 |       0 |   0.0 |      11 |       0 |   0.0
        D:4 |     256 |       0 |   0.0 |      27 |       0 |   0.0
        D:5 |     170 |       0 |   0.0 |      10 |       0 |   0.0
            +---------+---------+-------+---------+---------+-------
